 Dungeon Crawl Stone Soup version 0.30-a0-879-ga8ba668304 (webtiles) character file.

Game seed: 10805340753414426027

60 Sweetruy1997 the Trooper (level 3, -4/30 HPs)
             Began as a Demonspawn Chaos Knight on Mar 14, 2023.
             Was a Plaything of Xom.
             Slain by a gnoll
             ... wielding a +0 long sword
              (8 damage)
             ... on level 2 of the Dungeon.
             The game lasted 00:03:26 (911 turns).

Sweetruy1997 the Trooper (Demonspawn Chaos Knight)   Turns: 911, Time: 00:03:26

Health: -4/30      AC:  5    Str: 12    XL:     3   Next: 80%
Magic:  3/3        EV: 11    Int: 13    God:    Xom [..*...]
Gold:   71         SH:  0    Dex: 14    Spells: 2/2 levels left

rFire   . . .      SeeInvis .    a - +0 hand axe (chaos)
rCold   . . .      Faith    .    (no shield)
rNeg    . . .      Spirit   .    b - +2 leather armour
rPois   .          Reflect  .    (no helmet)
rElec   .          Rampage  .    (no cloak)
rCorr   .                        (no gloves)
Will    .....                    (no boots)
Stlth   +                        (no amulet)
HPRegen 0.25/turn                (no ring)
MPRegen 0.08/turn                (no ring)

@: no status effects
A: foul stench 1, weakness stinger 1
a: Renounce Religion


You were on level 2 of the Dungeon.
You worshipped Xom.
You were a toy of Xom.
You visited 1 branch of the dungeon, and saw 2 of its levels.

You collected 71 gold pieces.

Inventory:

Hand Weapons
 a - a +0 hand axe of chaos (weapon)
Missiles
 i - 3 boomerangs
Armour
 b - a +2 leather armour (worn)
Scrolls
 f - 2 scrolls of blinking {unknown}
 g - 3 scrolls of torment {unknown}
 j - 3 scrolls of identify {unknown}
Potions
 d - a potion of invisibility {unknown}
 e - a potion of curing {unknown}
 h - 2 potions of degeneration {unknown}
Miscellaneous
 c - a piece from Xom's chessboard (4/15) (quivered)


   Skills:
 + Level 3.9 Fighting
 + Level 3.3 Axes
 - Level 2.0 Armour
 + Level 1.1 Dodging
 + Level 0.5 Evocations


You had 2 spell levels left.
You didn't know any spells.
Your spell library contained the following spells:

 Spells                   Type           Power      Damage    Failure   Level
 Gell's Gravitas          Tloc           0%         N/A       75%         3
 Teleport Other           Tloc           0%         N/A       75%         3
 Dispersal                Tloc           0%         N/A       100%        6


Dungeon Overview and Level Annotations

Branches:
Dungeon (2/15)

Altars:


Innate Abilities, Weirdness & Mutations

You may rarely emit foul miasma when damaged in melee.
You have a small tail.


Message History

The gnoll shouts!
You hit the bat.
You feel better.
You kill the bat!
Your piece from Xom's chessboard (4/15) has regained one charge.
The gnoll barely misses you.
The gnoll throws a stone.
The stone hits you.
You see here a bat corpse.
You hit the gnoll. You freeze the gnoll.
The gnoll is moderately wounded.
The gnoll completely misses you.
The gnoll hits you from afar with a +0 spear.
You hit the gnoll but do no damage.
The gnoll is moderately wounded.
The gnoll barely misses you.
The gnoll hits you from afar with a +0 spear.
You hit the gnoll but do no damage.
Your tail-slap misses the gnoll.
Your punch misses the gnoll.
The gnoll is moderately wounded.
The gnoll closely misses you.
The gnoll hits you from afar with a +0 spear.
You barely miss the gnoll.
The gnoll is moderately wounded.
You barely miss the gnoll. The gnoll misses you.
The gnoll hits you from afar with a +0 spear.
The gnoll hits you with a +0 long sword.
You are too injured to fight recklessly!
You are too injured to fight recklessly!
You are too injured to fight recklessly!
Okay, then.
You don't know any spells.
You don't know any spells.
Okay, then.
You barely miss the gnoll. You closely miss the gnoll. You hit the gnoll.
The gnoll hits you with a +0 spear.
The gnoll hits you from afar with a +0 spear!
* * * LOW HITPOINT WARNING * * *
The gnoll hits you but does no damage. The gnoll attacks as you move away!
The gnoll hits you with a +0 long sword!
You die...
Xom cackles wildly!

#......####.###.....
............# #.####
#.......#######.#
##............#.#
.##########.#####.#.#
.......##.....##..#.#
........#####.......#
...................(#
.>....g@#####.......#
......gg# #.......#
.....g..# #†......#
.......######.......####
#......#.......##+#.....
#......#.#........#####.
#......#.#....###.......
.......#.#....###.######
#..........#


You could see 4 gnolls.

Vanquished Creatures
  An adder (D:2)
  A gnoll (D:1)
  A dart slug (D:1)
  4 ball pythons
  7 endoplasms (D:1)
  5 goblins
  A hobgoblin (D:1)
  2 jackals (D:1)
  6 bats
  2 frilled lizards (D:2)
  2 kobolds (D:1)
  4 rats
36 creatures vanquished.

Notes
Turn   | Place    | Note
-------+----------+-------------------------------------------
     0 | D:1      | Sweetruy1997 the Demonspawn Chaos Knight began the quest
                  | for the Orb.
     0 | D:1      | Reached XP level 1. HP: 18/18 MP: 1/1
    11 | D:1      | XOM: potion effect (haste)
    14 | D:1      | Gained mutation: You may rarely emit foul miasma when
                  | damaged in melee. [demonic ancestry]
    14 | D:1      | Reached XP level 2. HP: 24/24 MP: 2/2
    94 | D:1      | XOM: potion effect (might)
   265 | D:1      | Gained mutation: You have a small tail. [demonic ancestry]
   265 | D:1      | Reached XP level 3. HP: 30/30 MP: 3/3
   273 | D:1      | Reached skill level 1 in Dodging
   911 | D:2      | Slain by a gnoll

Illustrated notes

Levels and vault maps discovered:
D:1:      amcnicky_arrival_single_pillar, layout_rooms,
          chequers_serial_rivers_micro_a, minmay_circled_x
D:2:      minmay_kobold_bridge, layout_basic, minmay_hexomino_p4

Skill      XL: |  1  2  3 |
---------------+----------+-----
Axes           | 3 |  3.3
Armour         | 2 |  2.0
Dodging        | 1 |  1.1
Fighting       | |  3.9
Evocations     | |  0.5

Action                     || total
---------------------------++-------
  Melee: Hand axe          ||    73
         Tailslap          ||     3
  Evoke: Piece from Xom's  ||    13
 Armour: Leather armour    ||    28
  Dodge: Dodged            ||    56

Table legend: (Time is in decaauts)
 A = Elapsed time spent in this place.
 B = Non-inter-level travel time spent in this place.
 C = Inter-level travel time spent in this place.
 D = Time resting spent in this place.
 E = Time spent auto-exploring this place.
 F = Levels seen in this place.
 G = Mean time per level.
                   A        B        C        D        E       F      G
               +--------+--------+--------+--------+--------+-----+--------+
         Total |    902 |    862 |     40 |      0 |    618 |   2 |  451.0 |
       Dungeon |    902 |    862 |     40 |      0 |    618 |   2 |  451.0 |
               +--------+--------+--------+--------+--------+-----+--------+

Top non-repeatable levels by time:
     D:1: 664 daAuts
     D:2: 238 daAuts
